 Dungeon Crawl Stone Soup version 0.28-a0-687-gb91baff (webtiles) character file.

Game seed: 17665852593118676401

57 NeededCrab the Poker (level 4, -11/34 HPs)
             Began as a Merfolk Gladiator on Oct 14, 2021.
             Killed by divine providence
             ... invoked by an orc priest
              (14 damage)
             ... on level 4 of the Dungeon on Oct 19, 2021.
             The game lasted 00:05:31 (1926 turns).

NeededCrab the Poker (Merfolk Gladiator)            Turns: 1926, Time: 00:05:32

Health: -11/34     AC:  5    Str: 14    XL:     4   Next: 0%
Magic:  4/4        EV: 13    Int:  7    God:
Gold:   41         SH:  0    Dex: 16    Spells: 3/3 levels left

rFire   . . .      SeeInvis .   a - +0 trident
rCold   . . .      Faith    .   (no shield)
rNeg    . . .      Spirit   .   b - +0 leather armour
rPois   .          Reflect  .   c - +0 helmet
rElec   .          Harm     .   (no cloak)
rCorr   .          Rampage  .   n - +0 pair of gloves
Will    .....                   (no boots)
Stlth   +.........              (no amulet)
HPRegen 0.11/turn               (no ring)
MPRegen 0.09/turn               (no ring)

@: no status effects
A: (nimble swimmer 2), mertail
a: no special abilities


You were on level 4 of the Dungeon.
You visited 1 branch of the dungeon, and saw 3 of its levels.

You collected 41 gold pieces.

Inventory:

Hand Weapons
 a - a +0 trident (weapon)
Missiles
 d - 3 throwing nets (quivered)
Armour
 b - a +0 leather armour (worn)
 c - a +0 helmet (worn)
 i - a +0 scale mail
 n - a +0 pair of gloves (worn)
Magical Staves
 o - a staff of poison
Jewellery
 p - a ring of protection from fire
Scrolls
 f - a scroll of brand weapon {unknown}
 h - a scroll of enchant armour {unknown}
 k - a scroll of vulnerability {unknown}
 m - a scroll of silence {unknown}
Potions
 e - a potion of ambrosia {unknown}
 g - a potion of might {unknown}
 j - a potion of invisibility {unknown}
 l - a potion of lignification {unknown}


   Skills:
 + Level 2.9 Fighting
 * Level 5.8 Polearms
 - Level 2.0 Throwing
 + Level 4.6 Dodging


You had 3 spell levels left.
You didn't know any spells.
Your spell library contained the following spells:

 Spells                   Type           Power      Damage    Failure   Level
 Dazzling Flash           Conj/Hex       0%         N/A       87%         3
 Iskenderun's Mystic Bla  Conj/Tloc      0%         2d3       99%         4
 Starburst                Conj/Fire      0%         6d3       100%        6


Dungeon Overview and Level Annotations

Branches:
Dungeon (2/15)             Temple (0/1) D:4

Altars:

Shops:
D:4 :(!


Innate Abilities, Weirdness & Mutations

((You are quick and stealthy near water. (Stealth+, EV+, Speed+++)))
Your lower body shifts to a powerful aquatic tail in water.


Message History

The orc wizard is lightly wounded.
The orc wizard hits you with a +0 dagger.
You completely miss the orc wizard.
The orc wizard is lightly wounded.
The orc wizard hits you with a +0 dagger.
An orc priest comes into view. It is wielding a +0 war axe.
The orc priest miscasts a cantrip.
You hit the orc wizard.
The orc wizard is heavily wounded.
The orc wizard points at you and mumbles some strange words.
You resist with significant effort.
You hit the orc wizard but do no damage.
The orc wizard is heavily wounded.
The orc wizard points at you and mumbles some strange words.
You resist with significant effort.
You hit the orc wizard.
The orc wizard is almost dead.
The orc wizard gestures at you while chanting.
You resist with significant effort.
The orc priest mumbles some strange prayers to Beogh against you.
Beogh smites you!
* * * LOW HITPOINT WARNING * * *
You hit the orc wizard.
You kill the orc wizard!
You have reached level 4!
You barely miss the orc.
The orc is heavily wounded.
An orc comes into view. It is wielding a +0 club.
The orc misses you.
An orc comes into view. It is wielding a +0 short sword.
You barely miss the orc.
The orc is heavily wounded.
The orc shouts!
You hear a shout!
The orc hits you with a +0 flail.
* * * LOW HITPOINT WARNING * * *
You hit the orc but do no damage.
The orc is heavily wounded.
The orc priest mumbles some strange prayers to Beogh against you.
Beogh smites you!
You die...

#........# ## ####.########
.....# .<.8.# ..... ######
.... ... ⌠ ..###.. .......
####################oo.⌠..>
................@ogoooo....
##################o##o###o.
#.# .. #.# .# #.. .. #.# ..
#.# # #.#


You could see an orc priest, 8 orcs and a goblin.

Vanquished Creatures
  An orc wizard (D:4)
  2 dart slugs
  An orc (D:4)
  3 ball pythons (D:1)
  3 endoplasms
  A goblin (D:4)
  3 hobgoblins
  2 quokkas
  4 bats
  2 kobolds (D:1)
  3 rats (D:1)
25 creatures vanquished.

Notes
Turn   | Place    | Note
-------+----------+-------------------------------------------
     0 | D:1      | NeededCrab the Merfolk Gladiator began the quest for the
                  | Orb.
     0 | D:1      | Reached XP level 1. HP: 16/16 MP: 1/1
   373 | D:1      | Reached XP level 2. HP: 22/23 MP: 2/2
   643 | D:1      | Reached skill level 5 in Polearms
  1621 | D:2      | You fall into a shaft and drop 2 floors!
  1679 | D:4      | Found Ulaysty's Distillery.
  1826 | D:4      | Reached XP level 3. HP: 28/28 MP: 3/3
  1858 | D:4      | Found Isuse's Antique Weapon Boutique.
  1867 | D:4      | Found Ziostiu's Book Shop.
  1875 | D:4      | Upgraded the game from 0.28-a0-664-gc179e30 to
                  | 0.28-a0-687-gb91baff
  1899 | D:4      | Found a staircase to the Ecumenical Temple.
  1924 | D:4      | Reached XP level 4. HP: 7/34 MP: 4/4
  1926 | D:4      | Killed from afar by an orc priest

Illustrated notes

Levels and vault maps discovered:
D:1:      lemuel_arrival_behind_the_door_small, layout_basic
D:2:      layout_basic, basic_ecumenical_altar
D:4:      layout_basic, minmay_temple_entry_junction_2, serial_shops,
          nicolae_shop_trees, shop, shop_statue

Skill      XL: |  1  2 |
---------------+-------+-----
Polearms       | 5 |  5.8
Fighting       | |  2.9
Throwing       | |  2.0
Dodging        | |  4.6

Action                   |  1- 3 |  4- 6 || total
-------------------------+-------+-------++-------
Melee: Trident           |    90 |     3 ||    93
 Stab: Sleeping          |     2 |       ||     2
Armor: Leather armour    |    13 |       ||    13
Dodge: Dodged            |    39 |     1 ||    40

Table legend: (Time is in decaauts)
 A = Elapsed time spent in this place.
 B = Non-inter-level travel time spent in this place.
 C = Inter-level travel time spent in this place.
 D = Time resting spent in this place.
 E = Time spent auto-exploring this place.
 F = Levels seen in this place.
 G = Mean time per level.
                   A        B        C        D        E       F      G
               +--------+--------+--------+--------+--------+-----+--------+
         Total |   1929 |   1789 |    140 |    137 |   1415 |   3 |  643.0 |
       Dungeon |   1929 |   1789 |    140 |    137 |   1415 |   3 |  643.0 |
               +--------+--------+--------+--------+--------+-----+--------+

Top non-repeatable levels by time:
     D:1: 1603 daAuts
     D:4: 306 daAuts
     D:2: 20 daAuts
